Map: Abyssal Reef LE

Players

FeaR

  • Race: Protoss Protoss
  • League: Master
  • Spawn Location: 5:00

aLive - Winner!

  • Race: Terran Terran
  • Spawn Location: 11:00

Event: HomeStory Cup XVI

VOD

Have the link to the VOD?

Description

Time

  • Played on: Nov. 10, 2017, 1:24 p.m.
  • Length: 7:54

All games in this series

Show
View Real Time Build Order
Export as new Build Order

FeaR Protoss 

Build Orders: 1 Gate Expand, Double Forge, Oracle Opening 

Get SALT Encoding   

  12  0:02  Probe (Chrono Boost)  
  14  0:14  Probe (Chrono Boost)  
  14  0:17  Pylon  
  14  0:25  Probe (Chrono Boost)  
  15  0:31  Probe (Chrono Boost)  
  15  0:37  Gateway  
  15  0:40  Probe (Chrono Boost)  
  17  0:46  Assimilator  
  17  0:53  Probe (Chrono Boost)  
  18  0:59  Probe (Chrono Boost)  
  19  1:07  Probe (Chrono Boost)  
  20  1:23  Nexus  
  20  1:33  Cybernetics Core  
  20  1:38  Probe (Chrono Boost)  
  21  1:41  Assimilator  
  21  1:50  Probe (Chrono Boost)  
  21  1:51  Pylon  
  22  2:00  Adept  
  23  2:02  Probe (Chrono Boost)  
  23  2:10  Warp Gate  
  23  2:14  Probe (Chrono Boost)  
  26  2:26  Probe (Chrono Boost), Stargate  
  27  2:30  Probe (Chrono Boost)  
  28  2:38  Probe (Chrono Boost)  
  28  2:39  Probe (Chrono Boost)  
  30  2:50  Probe (Chrono Boost)  
  30  2:51  Probe (Chrono Boost)  
  32  2:52  Robotics Facility  
  32  3:02  Pylon  
  32  3:03  Probe x2 (Chrono Boost)  
  32  3:05  Oracle  
  34  3:15  Probe x2 (Chrono Boost)  
  41  3:27  Probe x2 (Chrono Boost)  
  41  3:29  Forge  
  41  3:30  Forge  
  41  3:36  Shield Battery  
  41  3:39  Observer, Probe x2 (Chrono Boost)  
  44  3:50  Gateway  
  44  3:51  Gateway, Probe (Chrono Boost)  
  44  3:52  Probe (Chrono Boost)  
  46  4:01  Assimilator  
  47  4:03  Assimilator, Probe (Chrono Boost)  
  47  4:04  Probe (Chrono Boost)  
  47  4:07  Protoss Ground Armor Level 1, Protoss Ground Weapons Level 1  
  48  4:15  Probe (Chrono Boost)  
  48  4:20  Probe (Chrono Boost)  
  48  4:21  Stalker  
  51  4:27  Probe (Chrono Boost)  
  51  4:30  Probe (Chrono Boost)  
  47  4:33  Probe (Chrono Boost)  
  47  4:36  Probe (Chrono Boost)  
  42  4:41  Probe (Chrono Boost)  
  44  4:47  Probe (Chrono Boost)  
  44  4:51  Robotics Bay  
  46  4:53  Probe (Chrono Boost)  
  46  4:55  Zealot  
  46  4:59  Shield Battery, Probe (Chrono Boost)  
  49  5:05  Stalker  
  49  5:06  Probe (Chrono Boost)  
  52  5:11  Probe (Chrono Boost)  
  53  5:18  Probe (Chrono Boost)  
  53  5:23  Probe (Chrono Boost)  
  53  5:24  Pylon  
  53  5:28  Stalker  
  54  5:32  Probe (Chrono Boost)  
  54  5:35  Probe (Chrono Boost)  
  53  5:41  Stalker  
  45  5:44  Probe (Chrono Boost)  
  45  5:46  Disruptor, Probe (Chrono Boost)  
  43  5:50  Probe (Chrono Boost)  
  43  5:52  Probe (Chrono Boost)  
  47  5:59  Probe (Chrono Boost)  
  47  6:01  Probe (Chrono Boost)  
  49  6:07  Twilight Council  
  49  6:11  Probe (Chrono Boost)  
  50  6:13  Probe (Chrono Boost)  
  51  6:20  Disruptor  
  51  6:22  Sentry  
  51  6:23  Zealot, Probe (Chrono Boost)  
  53  6:31  Probe (Chrono Boost)  
  50  6:35  Stalker  
  51  6:44  Stalker  
  51  6:46  Stalker  
  46  6:58  Pylon  
  46  7:02  Probe (Chrono Boost)  
  45  7:18  Probe (Chrono Boost)  
  45  7:19  Probe (Chrono Boost)  
  49  7:29  Zealot  
  53  7:30  Probe (Chrono Boost)  
  53  7:31  Probe (Chrono Boost)  
  49  7:43  Probe x2 (Chrono Boost)  
  50  7:45  Stalker  
  50  7:50  Pylon  
Show
View Real Time Build Order
Export as new Build Order

aLive Terran - Winner!

Build Orders: Liberator Opening, MMM Bio 

Get SALT Encoding   

  12  0:02  SCV  
  13  0:14  SCV  
  13  0:18  Supply Depot  
  14  0:26  SCV  
  15  0:39  SCV  
  15  0:41  Barracks  
  16  0:45  Refinery  
  16  0:51  SCV  
  17  1:04  SCV  
  18  1:16  SCV  
  19  1:28  Orbital Command, Marine  
  20  1:42  Command Center  
  20  1:53  Factory  
  20  1:57  SCV  
  21  2:03  Refinery  
  21  2:05  Barracks Reactor  
  21  2:09  SCV  
  22  2:16  Supply Depot  
  22  2:21  SCV  
  23  2:37  Starport, SCV  
  23  2:39  Widow Mine  
  23  2:42  Marine  
  23  2:43  Marine  
  28  2:49  SCV  
  28  2:56  Orbital Command  
  28  3:01  SCV  
  28  3:03  Marine  
  30  3:06  Marine  
  31  3:14  Medivac, Widow Mine  
  31  3:17  SCV  
  36  3:23  Marine x2  
  36  3:25  SCV  
  39  3:29  SCV  
  40  3:34  Barracks  
  40  3:35  Liberator  
  40  3:42  Supply Depot  
  40  3:46  SCV x2  
  40  3:47  Factory Tech Lab  
  45  3:58  SCV  
  46  4:04  SCV  
  46  4:05  Marine x2  
  46  4:07  Supply Depot  
  46  4:09  Siege Tank  
  52  4:13  SCV  
  52  4:16  SCV  
  53  4:26  SCV, Engineering Bay  
  53  4:29  SCV  
  55  4:38  SCV  
  55  4:40  Supply Depot, Marine, Barracks Tech Lab  
  55  4:41  SCV, Marine  
  55  4:43  Siege Tank  
  61  4:52  SCV  
  62  4:56  Terran Infantry Weapons Level 1  
  62  4:59  Supply Depot  
  62  5:00  Refinery  
  62  5:01  SCV  
  62  5:06  Stimpack  
  63  5:09  Barracks  
  63  5:10  SCV  
  63  5:12  Starport Reactor  
  63  5:13  SCV, Marine x2  
  67  5:14  Marine  
  68  5:21  Supply Depot  
  68  5:22  SCV  
  68  5:25  SCV  
  70  5:34  SCV  
  71  5:38  SCV  
  71  5:40  Marine x3  
  72  5:46  SCV  
  73  5:50  SCV  
  73  5:51  Supply Depot  
  73  5:54  Medivac x2  
  77  5:58  SCV  
  77  6:01  Factory Reactor  
  77  6:02  SCV  
  79  6:05  Command Center  
  79  6:07  Combat Shields, Missile Turret, Marine  
  79  6:08  Marine x2  
  79  6:29  Marine x4  
  79  6:32  Barracks x2  
  83  6:33  Supply Depot  
  77  6:44  Refinery, Widow Mine x2  
  77  6:45  Medivac x2  
  85  6:48  SCV x2  
  85  6:55  Marine x2  
  85  6:56  Marauder x2  
  91  7:05  SCV x2  
  91  7:07  Concussive Shells  
  93  7:09  Supply Depot  
  93  7:10  Supply Depot x2  
  90  7:18  Marine x2  
  90  7:19  Barracks Reactor, Barracks Tech Lab  
  90  7:20  Marauder x2  
  93  7:25  SCV x2  
  93  7:26  Orbital Command  
Tags
 
Add a new tag
Caveats
  • Supply blocks, unpowered buildings, or Contaminate may cause inaccurate times.
  • Supply counts are checked every 10 seconds.